 Dungeon Crawl Stone Soup version 0.30.0-29-ga12c61a403 (webtiles) character file.

Game seed: 12572499741721133953

198 Sabo the Chopper (level 5, -1/41 HPs)
             Began as a Demonspawn Monk on June 19, 2023.
             Was a Follower of Ashenzari.
             Slain by an orc
             ... wielding a +0 trident
              (4 damage)
             ... on level 4 of the Dungeon.
             The game lasted 00:17:30 (3299 turns).

Sabo the Chopper (Demonspawn Monk)                  Turns: 3299, Time: 00:17:30

Health: -1/41      AC: 13    Str: 16    XL:     5   Next: 47%
Magic:  1/1        EV:  5    Int: 13    God:    Ashenzari [*.....]
Gold:   104        SH:  0    Dex: 15    Spells: 4/4 levels left

rFire   x . .        t - +10 hammer of Ashenzari's Atheism {antimagic, rF- rC+ Will++ Str+2, Bglg, Evo} (curse)
rCold   + . .        d - orb "Yoke of Ashenzari" {light, Alch, Evo} (curse)
rNeg    . . .        i - +0 plate armour
rPois   .            j - +0 helmet
rElec   .            s - +0 cloak
rCorr   .            (no gloves)
SInv    .            l - +0 pair of boots
Will    ++...        (no amulet) Stlth
                     (no ring)
HPRegen 0.26/turn    (no ring)
MPRegen 0.07/turn

%: no passive effects
@: glowing
A: big brain 1, weakness stinger 1
a: Renounce Religion, Shatter the Chains


You were on level 4 of the Dungeon.
You worshipped Ashenzari.
Ashenzari was aware of your devotion.
You visited 1 branch of the dungeon, and saw 4 of its levels.

You collected 104 gold pieces.

Inventory:

Hand Weapons
 r - a +2 quarterstaff of chaos
 t - the cursed +10 hammer of Ashenzari's Atheism (weapon) {antimagic, rF- rC+ Will++ Str+2, Bglg, Evo}
   (You found it on level 3 of the Dungeon)

   Str:       It affects your strength (+2).
   rF:        It makes you vulnerable to fire.
   rC:        It protects you from cold.
   Will:      It greatly increases your willpower.
   It has a curse which improves the following skills: Beguiling: Conjurations,
   Hexes and Translocations.
   Evocations: Evocations.
Missiles
 c - 6 datura-tipped darts (quivered)
Armour
 d - the cursed orb "Yoke of Ashenzari" (worn) {light, Alch, Evo}

   It has a curse which improves the following skills: Alchemy: Poison Magic and
   Transmutations.
   Evocations: Evocations.
 i - a +0 plate armour (worn)
 j - a +0 helmet (worn)
 l - a +0 pair of boots (worn)
 s - a +0 cloak (worn)
Wands
 p - a wand of roots (5)
Scrolls
 b - a scroll of poison
 f - 2 scrolls of teleportation
 h - a scroll of fear
Potions
 e - a potion of haste
 g - a potion of berserk rage
 m - 3 potions of curing
 n - a potion of flight
 q - a potion of mutation


   Skills:
 + Level 3.5 Fighting
 + Level 4.7 Axes
 + Level 1.3 Armour
 + Level 3.3 Dodging


You had 4 spell levels left.
You didn't know any spells.
Your spell library contained the following spells:

 Spells                   Type           Power      Damage    Failure   Level
 Beastly Appendage        Tmut           0%         N/A       100%        1
 Magic Dart               Conj           0%         1d3       100%        1
 Call Imp                 Summ           0%         N/A       100%        2
 Scorch                   Fire           0%         2d5       100%        2
 Wereblood                Tmut           0%         N/A       100%        2
 Inner Flame              Hex/Fire       0%         N/A       100%        3
 Mephitic Cloud           Conj/Pois/Air  0%         N/A       100%        3
 Spider Form              Tmut/Pois      0%         N/A       100%        3
 Flame Wave               Conj/Fire      0%         2d4       100%        4
 Yara's Violent Unravell  Hex/Tmut       0%         3d3       100%        5
 Summon Cactus Giant      Summ           0%         N/A       100%        6
 Enfeeble                 Hex            0%         N/A       100%        7


Dungeon Overview and Level Annotations

Branches:
Dungeon (4/15)
 Temple: D:4-7

Altars:
Ashenzari
Okawaru
Uskayaw
Wu Jian


Innate Abilities, Weirdness & Mutations

You have an unusually large brain. (Int +2)
You have a small tail.


Message History

A kobold brigand comes into view.
It is wielding a +0 short sword and quivering poisoned darts.
The kobold brigand throws a poisoned dart.
The poisoned dart hits you!
You are poisoned.
The orc hits you but does no damage.
An orc comes into view. It is wielding a +0 whip.
Things that are here:
a +0 hand axe; a potion of might; an orc corpse You barely miss the orc.
You feel very sick.
An orc comes into view. It is wielding a +0 dagger.
Found 9 stones.
You feel sick.
The orc shouts!
You hear a shout!
The orc hits you but does no damage. The orc hits you with a +0 trident.
You sock the orc!
You kill the orc!
You feel sick. The orc barely misses you.
You sock the orc!
You kill the orc!
You feel sick. The kobold brigand barely misses you.
The orc hits you but does no damage.
You feel sick. The orc barely misses you.
Items here: ( )) [ †.
You barely miss the orc.
You tail-slap the orc, but do no damage.
You feel sick. The orc hits you but does no damage.
The kobold brigand hits you with a +0 short sword!
* * * LOW HITPOINT WARNING * * *
The orc hits you but does no damage.
You sock the orc!
You kill the orc!
You feel sick.
You are no longer poisoned.
The orc hits you but does no damage.
An orc comes into view.
It is wielding a +0 dagger and carrying a wand of quicksilver (5).
The kobold brigand completely misses you.
The kobold brigand hits you with a +0 short sword.
* * * LOW HITPOINT WARNING * * *
The orc hits you from afar with a +0 trident.
You die...

### ..# #.# #.#
#..####.##.#...
#.....)@.(.....
#o#####K##.####
#)o#.# #.#..#
#..### #..#
#..# #..#
#..########


You could see a kobold brigand and 2 orcs.

Vanquished Creatures
  An orc priest (D:4)
  Crazy Yiuf (D:3)
  Robin (D:3)
  4 adders
  A worm (D:2)
  3 dart slugs
  3 orcs (D:4)
  5 bats
  3 endoplasms
  2 giant cockroaches (D:1)
  12 goblins
  9 hobgoblins
  4 jackals (D:2)
  7 kobolds
  3 quokkas
  9 ball pythons
  6 frilled lizards
  5 rats
79 creatures vanquished.

Notes
Turn   | Place    | Note
-------+----------+-------------------------------------------
     0 | D:1      | Sabo the Demonspawn Monk began the quest for the Orb.
     0 | D:1      | Reached XP level 1. HP: 18/18 MP: 1/1
   294 | D:1      | Gained mutation: You have a small tail. [demonic ancestry]
   294 | D:1      | Reached XP level 2. HP: 24/24 MP: 2/2
   360 | D:1      | Reached skill level 3 in Axes
  1241 | D:2      | Reached XP level 3. HP: 28/29 MP: 3/3
  1949 | D:2      | Gained mutation: You have an unusually large brain. (Int
                  | +2) [demonic ancestry]
  1949 | D:2      | Reached XP level 4. HP: 28/35 MP: 4/4
  2169 | D:2      | Found an iron altar of Okawaru.
  2371 | D:3      | Found a broken altar of Ashenzari.
  2380 | D:3      | Became a worshipper of Ashenzari the Shackled
  2436 | D:3      | Found an ornate altar of the Wu Jian Council.
  2436 | D:3      | Noticed Robin
  2443 | D:3      | Reached skill level 1 in Armour
  2446 | D:3      | Reached skill level 4 in Axes
  2451 | D:3      | Killed Robin
  2501 | D:3      | Found a hide-covered altar of Uskayaw.
  2822 | D:3      | Found a runed translucent door.
  3140 | D:3      | Noticed Crazy Yiuf
  3148 | D:3      | Killed Crazy Yiuf
  3149 | D:3      | Reached XP level 5. HP: 41/41 MP: 5/5
  3217 | D:3      | Identified the +10 hammer of Ruination {antimagic, rF- rC+
                  | Will++ Str+2}
  3222 | D:3      | Reached * piety under Ashenzari
  3299 | D:4      | Slain by an orc

Illustrated notes

Levels and vault maps discovered:
D:1:      tarquinn_simple_flora_water_b, layout_loops_ring,
          serial_park_tiny_pond, minmay_stone_trees_small,
          corexii_item_surrounded_by_moat
D:2:      layout_basic, basic_altar, minmay_fractal_squares_gapless_5
D:3:      layout_basic, nicolae_uskayaw_murder_on_the_dancefloor,
          nzn_wu_jian_council_hall, ashenzari_altar_1,
          kennysheep_generic_room_13, uniq_robin, uniq_crazy_yiuf_cottage
D:4:      layout_loops_ring, kennysheep_little_box, nzn_hepliaklqana_mist_gate

Skill      XL: |  1  2  3  4 |
---------------+-------------+-----
Axes           | 3 4 |  4.7
Dodging        | 3 |  3.3
Armour         | 1 |  1.3
Fighting       | |  3.5

Action                     |  1- 3 |  4- 6 || total
---------------------------+-------+-------++-------
  Melee: Hand axe          |   107 |    56 ||   163
         Tailslap          |    16 |     7 ||    23
         Mace              |       |     9 ||     9
 Invoke: Curse Item        |       |     2 ||     2
    Use: Scroll            |     6 |     2 ||     8
         Potion            |       |     1 ||     1
 Armour: Robe              |     5 |       ||     5
         Plate armour      |    85 |    49 ||   134
  Dodge: Dodged            |    29 |    20 ||    49
